Match 47544958
Unlisted

Match 47544958
End
Kradschützen Motorcycle Team
Panzerpioneer Squad
250 Light Carrier
Construct Light Support Kompanie
Combat Half-tracks
MG34 Team
Assault Grenadier Squad
Assault Mechanized Group
Selects Panzerjäger Kommand Battlegroup
Selects GrB 39 Grenade Launcher Requisition
Construct Mechanized Kompanie
Selects Blockade Equipment
Selects Early Warning
Early Warning
Marder III Tank Destroyer
2.5-tonne Medical Truck
254 Reconnaissance Tractor
Marder III Tank Destroyer
Assault Mechanized Group
Vehicle Survival Package
Selects Crew Shock Tactics
Crew Shock Tactics
Construct Panzerarmee Kommand
Flak 36 Anti-tank Gun Team
Crew Shock Tactics
Elan
Quejour-1
frostie
atank
BananaInPajamas
Carecup
0
0

Comments sign in to comment!

No comments posted yet!